 Dungeon Crawl Stone Soup version 0.17-a0-2007-g96ac4c4 (webtiles) character file.

3021 Burgietje the Carver (level 9, -3/86 HPs)
             Began as a Minotaur Berserker on Oct 9, 2015.
             Was a High Priest of Trog.
             Slain by a killer bee (4 damage)
             ... on level 8 of the Dungeon on Oct 11, 2015.
             The game lasted 00:16:15 (8146 turns).

Burgietje the Carver (Minotaur Berserker)           Turns: 8146, Time: 00:16:16

Health: -3/86      AC: 13    Str: 22    XL:     9   Next: 55%
Magic:  8/8        EV:  7    Int:  4    God:    Trog [*****.]
Gold:   463        SH:  0    Dex: 13    Spells: 0 memorised, 8 levels left

rFire  . . .     SeeInvis .     a - +0 falchion
rCold  + . .     Clarity  .     o - +1 plate armour
rNeg   + . .     SustAt   .     (no shield)
rPois  .         Gourm    .     (helmet restricted)
rElec  .         Spirit   .     t - +0 cloak
rCorr  .         Warding  .     (no gloves)
rMut   .         Stasis   .     (no boots)
MR     .....                    (no amulet)
Stlth  ..........               k - ring of protection from cold
                                h - ring of positive energy

@: lethally poisoned (-3 -> -22), not resistant to hostile enchantments,
extremely unstealthy
A: retaliatory headbutt, horns 2
a: Burn Spellbooks, Berserk, Trog's Hand, Brothers in Arms, Renounce Religion


You were on level 8 of the Dungeon.
You worshipped Trog.
Trog was extremely pleased with you.
You were near starving.

You visited 1 branch of the dungeon, and saw 8 of its levels.
You also visited: Sewer.

You collected 463 gold pieces.

Inventory:

Hand Weapons
 a - a +0 falchion (weapon)
Armour
 o - a +1 plate armour (worn)
 t - a +0 cloak (worn)
Jewellery
 h - a ring of positive energy (left hand)
 k - a ring of protection from cold (right hand)
 y - the ring "Tyik" {SustAt rPois rN+ Int-5}
   (You found it on level 8 of the Dungeon)

   [ring of sustain attributes]

   It sustains your strength, intelligence and dexterity.
   It affects your intelligence (-5).
   It protects you from poison.
   It protects you from negative energy.
Wands
 v - a wand of fireball (10)
Scrolls
 b - 3 scrolls of silence {unknown}
 d - 4 scrolls of identify
 e - a scroll of fear
 g - a scroll of enchant weapon {unknown}
 p - a scroll of noise
 q - a scroll of immolation {unknown}
 z - 2 scrolls of remove curse
Potions
 f - 3 potions of curing
 i - a potion of invisibility
 l - a potion of mutation {unknown}
 n - a potion of haste {unknown}
 r - a potion of ambrosia
 s - 4 potions of flight
 u - 3 potions of lignification
 w - a potion of resistance
 x - a potion of heal wounds
 A - a potion of might
Comestibles
 c - 6 bread rations
 j - 6 meat rations
 m - a chunk of flesh
 B - a slice of pizza
 D - 4 fruits


   Skills:
 + Level 10.7 Fighting
 + Level 12.2 Long Blades
 - Level 2.4 Armour
 - Level 2.1 Dodging
 + Level 1.8 Stealth


You had 8 spell levels left.
You didn't know any spells.

Dungeon Overview and Level Annotations

Branches:
Dungeon (8/15)             Temple (0/1) D:7
   Lair: D:8-11

Altars:
Elyvilon
Fedhas
Gozag
Makhleb
Nemelex Xobeh
Sif Muna
Zin


Innate Abilities, Weirdness & Mutations

You reflexively headbutt those who attack you in melee.
You have a pair of horns on your head.


Message History

The killer bee poisons you! The killer bee barely misses you.
You closely miss the killer bee.
* * * LOW HITPOINT WARNING * * *
You feel sick. The killer bee stings you.
* * * LOW HITPOINT WARNING * * *
You closely miss the killer bee.
* * * LOW HITPOINT WARNING * * *
You feel sick.
The killer bee stings you but does no damage.
You slash the killer bee!
You headbutt the killer bee, but do no damage.
The killer bee is heavily wounded.
* * * LOW HITPOINT WARNING * * *
You feel sick. The killer bee barely misses you. The killer bee stings you!
* * * LOW HITPOINT WARNING * * *
You barely miss the killer bee.
The killer bee is heavily wounded.
* * * LOW HITPOINT WARNING * * *
You feel sick. The killer bee stings you.
You die...

### #.# .<. #c#
##### #y#
#...#########y#
##.#............@#
#......###########
...........###
#...#.##.....# #.#
#. #.....#####. #
#. #...<.......#
#. #.....#######
.. #....... ##
##.######


You could see a centaur and 2 killer bees.

Vanquished Creatures
  The ghost of Gaunah the Skirmisher, an amateur FoFi (D:4)
  3 ogres
  An ice beast (D:5)
  4 phantoms
  2 centaurs (D:5)
  2 giant frogs (D:6)
  A gnoll sergeant (D:7)
  A crocodile (Sewer)
  8 killer bees
  A wyvern skeleton (D:6)
  A scorpion (D:7)
  A giant frog zombie (D:5)
  4 orc wizards
  3 crimson imps (D:7)
  3 orc priests
  Crazy Yiuf (D:2)
  5 hounds
  A giant frog skeleton (D:6)
  4 iguanas
  9 worker ants
  A hound zombie (D:6)
  A hound skeleton (D:5)
  7 gnolls
  10 adders
  2 shadow imps
  2 oozes
  An adder skeleton (D:4)
  2 adder zombies
  5 worms (D:2)
  7 giant geckos
  35 orcs
  6 bats
  15 goblins
  14 hobgoblins
  16 jackals
  12 kobolds
  2 quokkas
  3 ball pythons
  5 giant cockroaches
  A giant gecko zombie (D:7)
  2 giant newts
  2 quokka skeletons
  13 rats
220 creatures vanquished.

Notes
Turn   | Place    | Note
--------------------------------------------------------------
     0 | D:1      | Burgietje the Minotaur Berserker began the quest for the Orb.
     0 | D:1      | Reached XP level 1. HP: 19/19 MP: 0/0
    75 | D:1      | Reached skill level 4 in Long Blades
   136 | D:1      | Reached XP level 2. HP: 24/27 MP: 1/1
   170 | D:1      | HP: 1/27 [kobold/whip (3)]
   551 | D:1      | Acquired Trog's second power
   923 | D:1      | Reached XP level 3. HP: 33/33 MP: 2/2
  1481 | D:2      | Found a white marble altar of Elyvilon.
  1654 | D:2      | Noticed Crazy Yiuf
  1662 | D:2      | Killed Crazy Yiuf
  1662 | D:2      | Reached skill level 5 in Long Blades
  1662 | D:2      | Reached XP level 4. HP: 15/41 MP: 0/3
  2200 | D:3      | Reached skill level 5 in Fighting
  2306 | D:3      | Reached XP level 5. HP: 40/48 MP: 4/4
  2336 | D:3      | Reached skill level 6 in Long Blades
  2746 | D:4      | Reached XP level 6. HP: 22/56 MP: 5/5
  3426 | D:4      | Reached skill level 7 in Long Blades
  3437 | D:4      | Noticed a phantom
  3454 | D:4      | Killed a phantom
  3487 | D:4      | Noticed an ogre
  3493 | D:4      | Killed an ogre
  3493 | D:4      | Reached XP level 7. HP: 59/64 MP: 6/6
  3575 | D:4      | Acquired Trog's third power
  3626 | D:4      | Noticed Gaunah's ghost (amateur FoFi)
  3645 | D:4      | Killed Gaunah's ghost
  3645 | D:4      | Reached skill level 8 in Long Blades
  3645 | D:4      | Reached skill level 1 in Stealth
  4212 | D:5      | Entered Level 5 of the Dungeon
  4435 | D:5      | Found a burning altar of Makhleb.
  4462 | D:5      | Reached skill level 9 in Long Blades
  4483 | D:5      | Found a blossoming altar of Fedhas.
  4527 | D:5      | HP: 3/67 [ogre/giant spiked club (17)]
  4529 | D:5      | Reached XP level 8. HP: 3/74 MP: 7/7
  4789 | D:5      | Found a glowing drain.
  4809 | Sewer    | Entered a sewer
  5387 | D:5      | Reached skill level 10 in Long Blades
  5563 | D:5      | Found a deep blue altar of Sif Muna.
  5622 | D:5      | Found a sparkling altar of Nemelex Xobeh.
  6365 | D:6      | Found an opulent altar of Gozag.
  6453 | D:6      | Reached skill level 11 in Long Blades
  6453 | D:6      | Reached XP level 9. HP: 79/84 MP: 8/8
  7102 | D:6      | Received a gift from Trog
  7213 | D:7      | Reached skill level 10 in Fighting
  7330 | D:7      | Found a glowing silver altar of Zin.
  7515 | D:7      | Found a staircase to the Ecumenical Temple.
  8004 | D:7      | Reached skill level 12 in Long Blades
  8079 | D:8      | Got a sparkling bronze ring
  8091 | D:8      | Lost intelligence.
  8091 | D:8      | Identified the ring "Tyik" {SustAt rPois rN+ Int-5} (You found it on level 8 of the Dungeon)
  8145 | D:8      | HP: 2/86 [killer bee (7)]
  8146 | D:8      | Slain by a killer bee

Vault maps used:
D:1:      onia_arrival_larder, minivault_11, minmay_crystal_water,
          minmay_statues_item
D:2:      lemuel_crystal_altar, uniq_crazy_yiuf_cottage
D:4:      saegor_snake_ambush
D:5:      lemuel_coloured_pillars_altar, nicolae_overflow_hidden_temple,
          fedhas_altar_3, gup_sewer_entry_pipe, first_bread, basic_altar,
          serial_corexii_hall, corexii_hall_statues_x, corexii_hall_statues_l,
          corexii_hall_statues_t, corexii_hall_statues_x, minmay_ogre_servants
D:6:      grunt_gozag_breadcrumbs, kennysheep_generic_room_3
D:7:      minmay_temple_entry_junction, basic_altar
D:8:      old_standard_altar, due_lair_maze_entry_diamond, serial_shops, shop,
          uniq_maurice
Sewer:    sewer_the_crocodile

Action                   |  1- 3 |  4- 6 |  7- 9 || total
-------------------------+-------+-------+-------++-------
Melee: Falchion          |   112 |   162 |   478 ||   752
  Use: Scroll            |       |       |    20 ||    20
  Eat: Chunk             |     2 |     6 |    14 ||    22
